 Dungeon Crawl Stone Soup version 0.29.1-1-gd02db6906a (webtiles) character file.

Game seed: 18091329653449072019

144 LustLizard the Vexing (level 5, 0/25 HPs)
             Began as a Spriggan Arcane Marksman on Sept 23, 2022.
             Slain by Duvessa
             ... wielding a +2 vampiric short sword
              (15 damage)
             ... on level 4 of the Dungeon.
             The game lasted 00:03:50 (2589 turns).

LustLizard the Vexing (Spriggan Arcane Marksman)    Turns: 2589, Time: 00:03:51

Health: 0/25       AC:  2    Str:  6    XL:     5   Next: 5%
Magic:  8/8        EV: 15    Int: 15    God:
Gold:   142        SH:  0    Dex: 23    Spells: 3/6 levels left

rFire   . . .      SeeInvis +   u - +8 trident of the Octopus King {venom, rElec rPois}
rCold   . . .      Faith    .   (shield currently unavailable)
rNeg    . . .      Spirit   .   c - +0 robe
rPois   +          Reflect  .   (helmet restricted)
rElec   +          Harm     .   (no cloak)
rCorr   +          Rampage  .   (gloves unavailable)
Will    .....                   (boots unavailable)
Stlth   +++.......              l - amulet of magic regeneration
HPRegen 0.08/turn               f - ring of resist corrosion
MPRegen 0.51/turn               n - +6 ring of dexterity

@: grasped by roots, constricted, very quick
A: very small, no large weapons, unfitting armour, see invisible, speed 3
a: no special abilities


You were on level 4 of the Dungeon.
You visited 1 branch of the dungeon, and saw 4 of its levels.

You collected 142 gold pieces.

Inventory:

Hand Weapons
 a - a +1 sling
 u - the +8 trident of the Octopus King (weapon) {venom, rElec rPois}
   (You found it on level 3 of the Dungeon)

   It poisons the flesh of those it strikes.
   rElec:     It insulates you from electricity.
   rPois:     It protects you from poison.
Armour
 c - a +0 robe (worn)
Jewellery
 f - a ring of resist corrosion (left hand)
 i - an amulet of faith
 l - an amulet of magic regeneration (around neck)
 n - a +6 ring of dexterity (right hand)
Wands
 d - a wand of roots (8)
Scrolls
 b - a scroll of poison
 e - a scroll of brand weapon {unknown}
 g - 4 scrolls of enchant weapon {unknown}
 h - a scroll of teleportation {unknown}
 k - a scroll of enchant armour {unknown}
 m - a scroll of immolation {unknown}
 o - a scroll of noise {unknown}
 p - a scroll of blinking {unknown}
Potions
 j - a potion of heal wounds
 q - 3 potions of curing
 r - a potion of haste
 s - a potion of mutation {unknown}
 t - a potion of berserk rage {unknown}


   Skills:
 + Level 1.4 Fighting
 * Level 0.0 Polearms
 + Level 3.3 Ranged Weapons
 - Level 2.6 Dodging
 * Level 3.8 Stealth
 - Level 1.3 Spellcasting
 - Level 4.0 Hexes
 * Level 3.0 Translocations


You had 3 spell levels left.
You knew the following spells:

 Your Spells              Type           Power      Damage    Failure   Level
a - Slow                  Hex            52%        N/A       4%          1
b - Blink                 Tloc           20%        N/A       11%         2

Your spell library contained the following spells:

 Spells                   Type           Power      Damage    Failure   Level
 Portal Projectile        Hex/Tloc       22%        N/A       17%         3
 Summon Small Mammal      Summ           4%         N/A       24%         1
 Inner Flame              Hex/Fire       7%         N/A       30%         3
 Summon Guardian Golem    Hex/Summ       7%         N/A       30%         3
 Call Canine Familiar     Summ           1%         N/A       56%         3
 Stone Arrow              Conj/Erth      2%         3d7       56%         3
 Cause Fear               Hex            6%         N/A       41%         4
 Manifold Assault         Tloc           10%        N/A       88%         5
 Animate Armour           Summ/Erth      2%         N/A       93%         4
 Storm Form               Tmut/Air       0%         N/A       100%        7
 Lehudib's Crystal Spear  Conj/Erth      0%         10d2      100%        8


Dungeon Overview and Level Annotations

Branches:
Dungeon (4/15)
 Temple: D:4-7

Altars:
Ashenzari
Gozag
The Shining One

Annotations:
D:4 Dowan, Duvessa


Innate Abilities, Weirdness & Mutations

You are very small and have problems with some larger weapons.
You are too small for most types of armour.
You have supernaturally acute eyesight. (SInv)
You cover ground extremely quickly. (Speed+++)


Message History

The adder is severely wounded.
The adder bites you.
You are poisoned.
The adder poisons you!
You puncture the adder!
You kill the adder!
You feel very sick.
Your Translocations skill increases to level 3!
You have reached level 5!
You feel clever.
You feel sick.
You feel sick.
You feel sick.
You feel sick.
You feel sick.
You are no longer poisoned.
You see here a +0 hand axe.
You see here a +0 hand axe.
You see here a +0 leather armour.
There is a fountain of clear blue water here.
Done exploring.
Done exploring.
Done exploring.
There is a stone staircase leading down here.
You climb downwards.
There is a stone staircase leading up here.
There are monsters nearby!
The helpless Duvessa fails to defend herself.
You puncture Duvessa!
Duvessa is poisoned.
Duvessa is moderately wounded.
Dowan zaps a wand.
The roots erupt in riotous growth!
The grasping roots grab you!
Duvessa is unaffected.
The grasping roots constrict you.
Duvessa drinks a potion.
Duvessa is healed!
Duvessa looks more healthy.
You barely miss Duvessa.
Duvessa is lightly wounded.
The grasping roots constrict you.
Duvessa hits you with a +2 vampiric short sword!
Ouch! That really hurt!
You die...

.# ... ...#
#....
......
###......
##........
#.@..e....
#..e......
#..........
#..........
####.......
...#...
.......
....#..


You could see Duvessa and Dowan.

Vanquished Creatures
  Jessica (D:2)
  6 adders
  A worm (D:3)
  3 dart slugs
  2 orcs (D:3)
  6 endoplasms
  2 giant cockroaches (D:1)
  3 goblins
  3 hobgoblins
  4 jackals (D:1)
  3 quokkas
  3 ball pythons
  7 bats
  A frilled lizard (D:1)
  6 kobolds
  4 rats
55 creatures vanquished.

Notes
Turn   | Place    | Note
-------+----------+-------------------------------------------
     0 | D:1      | LustLizard the Spriggan Arcane Marksman began the quest for
                  | the Orb.
     0 | D:1      | Reached XP level 1. HP: 9/9 MP: 3/3
   144 | D:1      | Reached skill level 1 in Stealth
   158 | D:1      | Reached XP level 2. HP: 8/14 MP: 5/5
   304 | D:1      | Learned a level 2 spell: Blink
   500 | D:1      | Reached skill level 4 in Hexes
   639 | D:1      | Reached skill level 1 in Fighting
   748 | D:1      | Reached XP level 3. HP: 18/18 MP: 6/6
  1005 | D:1      | Reached skill level 1 in Translocations
  1371 | D:2      | Noticed Jessica
  1373 | D:2      | Killed Jessica
  1374 | D:2      | Reached XP level 4. HP: 22/22 MP: 7/7
  1582 | D:3      | Found an opulent altar of Gozag.
  1852 | D:3      | Found the +8 trident of the Octopus King {venom, rElec
                  | rPois}
  1924 | D:3      | Found a glowing golden altar of the Shining One.
  1928 | D:3      | Found a broken altar of Ashenzari.
  2056 | D:3      | Identified the +1 ring mail of Heczoi {*Corrode rF- rN+++
                  | Slay+5}
  2398 | D:3      | Reached XP level 5. HP: 19/25 MP: 8/8
  2587 | D:4      | Noticed Duvessa
  2587 | D:4      | Noticed Dowan
  2589 | D:4      | Slain by Duvessa

Illustrated notes

Levels and vault maps discovered:
D:1:      wander_arrival_desolate, layout_loops_ring
D:2:      layout_basic, uniq_jessica
D:3:      layout_loops_cross, nicolae_gozag_seed_capital, tso_oasis_becter,
          ashenzari_conservatory_becter
D:4:      layout_cave_pools, cheibriados_altar_1, nemelex_dance_club_becter,
          minmay_temple_entry_poolview, nrook_mini_vaults, uniq_eustachio,
          uniq_duvessa, uniq_pikel

Skill      XL: |  1  2  3  4 |
---------------+-------------+-----
Stealth        | 1 2 3 |  3.8
Hexes          | 4 |  4.0
Fighting       | 1 |  1.4
Translocations | 1 3 |  3.0
Ranged Weapons | 3 |  3.3
Dodging        | |  2.6
Spellcasting   | |  1.3

Action                   |  1- 3 |  4- 6 || total
-------------------------+-------+-------++-------
Melee: Trident           |       |    18 ||    18
 Fire: Sling             |    77 |    43 ||   120
  Use: Scroll            |       |     3 ||     3
 Stab: Sleeping          |       |     7 ||     7
Armor: Robe              |     3 |     2 ||     5
Dodge: Dodged            |    26 |    22 ||    48
